TOP OF THE 1ST |
Little Rock Lemmiwinks batting - Pitching for Erie Jaxx : LHP Francisco Rodríguez
|
Pitching: LHP Francisco Rodríguez
|
|
Batting: LHB Elvin Summers
|
0-0: Ball 1-0: Foul Ball, location: 2F 1-1: Foul Ball, location: 2F 1-2: Ground out 5-3 (Groundball, 56)
|
Batting: LHB Dave Raines
|
0-0: Ball 1-0: Ball 2-0: SINGLE (Groundball, 34D)
|
Batting: RHB Jaime Hernández
|
0-0: Called Strike 0-1: Ball 1-1: Fielders Choice at 2nd, 1-4 (Groundball, 15)
|
Batting: RHB Nicoli Turina
|
0-0: Ball 1-0: Called Strike 1-1: Ball 2-1: Swinging Strike 2-2: Foul Ball, location: 2F 2-2: SINGLE (Line Drive, 4) Jaime Hernández to second Runner from 2nd tries for 3rd, SAFE, throw made to third
|
Batting: LHB Pablo Alvarado
|
0-0: Swinging Strike 0-1: Ball 1-1: Swinging Strike 1-2: Ground out 1-3 (Groundball, P)
|
Top of the 1st over - 0 run(s), 2 hit(s), 0 error(s), 2 left on base; Little Rock 0 - Erie 0 |
BOTTOM OF THE 1ST |
Erie Jaxx batting - Pitching for Little Rock Lemmiwinks : RHP José Antonio Peña
|
Pitching: RHP José Antonio Peña
|
|
Batting: RHB José Hernández
|
0-0: Fly out, F7 (Flyball, 78M)
|
Batting: SHB José Durango
|
0-0: SINGLE (Groundball, 34S) (infield hit)
|
Batting: SHB Michael Field
|
0-0: Ball 1-0: Ball 2-0: Foul Ball, location: 2F 2-1: Called Strike 2-2: Grounds into double play, 6-4-3 (Groundball, 6M)
|
Bottom of the 1st over - 0 run(s), 1 hit(s), 0 error(s), 0 left on base; Little Rock 0 - Erie 0 |
TOP OF THE 2ND |
Little Rock Lemmiwinks batting - Pitching for Erie Jaxx : LHP Francisco Rodríguez
|
Batting: RHB Jack Crossey
|
0-0: Swinging Strike 0-1: Ball 1-1: Ball 2-1: Fly out, F8 (Line Drive, 8LM)
|
Batting: RHB Bill Bourland
|
0-0: Ball 1-0: Called Strike 1-1: Ball 2-1: Swinging Strike 2-2: SINGLE (Flyball, 7LM)
|
Batting: RHB Juan Trujillo
|
0-0: Ball 1-0: Called Strike 1-1: Called Strike 1-2: SINGLE (Line Drive, 7S) Bill Bourland to second Bill Bourland to third
|
Batting: RHB Álex Martínez
|
0-0: Called Strike 0-1: Ball 1-1: Ball 2-1: Foul Ball, location: 2F 2-2: Strikes out swinging
|
Batting: LHB Elvin Summers
|
0-0: Called Strike 0-1: Ball 1-1: Called Strike 1-2: Ball Juan Trujillo steals 2nd base 2-2: Ground out 3-1 (Groundball, 34)
|
Top of the 2nd over - 0 run(s), 2 hit(s), 0 error(s), 2 left on base; Little Rock 0 - Erie 0 |
BOTTOM OF THE 2ND |
Erie Jaxx batting - Pitching for Little Rock Lemmiwinks : RHP José Antonio Peña
|
Batting: RHB William Wilson
|
0-0: Foul Ball, location: 2F 0-1: Called Strike 0-2: Strikes out swinging
|
Batting: RHB Ángel Serrano
|
0-0: Ball 1-0: Foul Ball, location: 2F 1-1: SINGLE (Flyball, 8RS)
|
Batting: RHB Andrés Silva
|
0-0: Foul Ball, location: 2F 0-1: DOUBLE (Groundball, 5L) Ángel Serrano to third
|
Batting: RHB Edgardo Castro
|
0-0: Ball 1-0: Foul Ball, location: 2F 1-1: Ball 2-1: Foul Ball, location: 2F 2-2: Ball 3-2: Base on Balls
|
Batting: RHB Alfredo Ramírez
|
0-0: SINGLE (Groundball, P) (infield hit) Ángel Serrano scores Andrés Silva to third Edgardo Castro to second
|
Batting: RHB Júlio Hernández
|
0-0: Ball 1-0: Ball 2-0: Called Strike 2-1: SINGLE (Flyball, 8LS) Andrés Silva scores Edgardo Castro to third Alfredo Ramírez to second
|
Batting: RHB José Hernández
|
0-0: Ball 1-0: Swinging Strike 1-1: Foul Ball, location: 2F 1-2: Strikes out swinging
|
Batting: SHB José Durango
|
0-0: Swinging Strike 0-1: Ball 1-1: Ball 2-1: Swinging Strike 2-2: Fielders Choice at 2nd, 4-6 (Groundball, 4)
|
Bottom of the 2nd over - 2 run(s), 4 hit(s), 0 error(s), 2 left on base; Little Rock 0 - Erie 2 |
TOP OF THE 3RD |
Little Rock Lemmiwinks batting - Pitching for Erie Jaxx : LHP Francisco Rodríguez
|
Batting: LHB Dave Raines
|
0-0: Called Strike 0-1: Fly out, F2 (Popup, 13S)
|
Batting: RHB Jaime Hernández
|
0-0: Ball 1-0: Called Strike 1-1: Ball 2-1: Swinging Strike 2-2: Ground out 5-3 (Groundball, 5)
|
Batting: RHB Nicoli Turina
|
0-0: Fly out, F9 (Flyball, 9D)
|
Top of the 3rd over - 0 run(s), 0 hit(s), 0 error(s), 0 left on base; Little Rock 0 - Erie 2 |
BOTTOM OF THE 3RD |
Erie Jaxx batting - Pitching for Little Rock Lemmiwinks : RHP José Antonio Peña
|
Batting: SHB Michael Field
|
0-0: Called Strike 0-1: Ball 1-1: Fly out, F7 (Flyball, 78S)
|
Batting: RHB William Wilson
|
0-0: Ball 1-0: Ball 2-0: Ball 3-0: Base on Balls
|
Batting: RHB Ángel Serrano
|
0-0: Ball 1-0: SINGLE (Line Drive, 5D) William Wilson to second
|
Batting: RHB Andrés Silva
|
0-0: Ball 1-0: Grounds into double play, 4-6-3 (Groundball, 4M)
|
Bottom of the 3rd over - 0 run(s), 1 hit(s), 0 error(s), 1 left on base; Little Rock 0 - Erie 2 |
TOP OF THE 4TH |
Little Rock Lemmiwinks batting - Pitching for Erie Jaxx : LHP Francisco Rodríguez
|
Batting: LHB Pablo Alvarado
|
0-0: Fly out, F8 (Flyball, 8LM)
|
Batting: RHB Jack Crossey
|
0-0: Ball 1-0: Ball 2-0: Called Strike 2-1: Foul Ball, location: 2F 2-2: SINGLE (Groundball, 6MD)
|
Batting: RHB Bill Bourland
|
0-0: Ball 1-0: Called Strike 1-1: Ball 2-1: Swinging Strike 2-2: Ball 3-2: Strikes out looking
|
Batting: RHB Juan Trujillo
|
0-0: Foul Ball, location: 2F 0-1: Ball 1-1: Called Strike 1-2: Ball 2-2: Reached on error, E6 (Groundball, 6S) Jack Crossey to second
|
Batting: RHB Álex Martínez
|
0-0: Reached on error, E6 (Groundball, 6) Jack Crossey to third Juan Trujillo to second
|
Batting: LHB Elvin Summers
|
0-0: Ball 1-0: Ball 2-0: Called Strike 2-1: Ball 3-1: Foul Ball, location: 2F 3-2: SINGLE (Groundball, 56D) Jack Crossey scores Juan Trujillo to third Álex Martínez to second Juan Trujillo scores Álex Martínez to third
|
Batting: LHB Dave Raines
|
0-0: Ball 1-0: Called Strike 1-1: Ball 2-1: Foul Ball, location: 2F 2-2: Strikes out looking
|
Top of the 4th over - 2 run(s), 2 hit(s), 2 error(s), 2 left on base; Little Rock 2 - Erie 2 |
BOTTOM OF THE 4TH |
Erie Jaxx batting - Pitching for Little Rock Lemmiwinks : RHP José Antonio Peña
|
Batting: RHB Edgardo Castro
|
0-0: Ball 1-0: Ball 2-0: Called Strike 2-1: Called Strike 2-2: Ball 3-2: Base on Balls
|
Batting: RHB Alfredo Ramírez
|
0-0: Ball 1-0: Called Strike 1-1: Foul Ball, location: 2F 1-2: Strikes out looking
|
Batting: RHB Júlio Hernández
|
0-0: Ball 1-0: Called Strike 1-1: Ball 2-1: Swinging Strike 2-2: Foul Ball, location: 2F 2-2: Ball 3-2: Base on Balls Edgardo Castro to second
|
Batting: RHB José Hernández
|
0-0: Foul Ball, location: 2F 0-1: Called Strike 0-2: Fly out, F8 (Flyball, 8RD)
|
Batting: SHB José Durango
|
0-0: Ground out 2-3 (Groundball, 2L)
|
Bottom of the 4th over - 0 run(s), 0 hit(s), 0 error(s), 2 left on base; Little Rock 2 - Erie 2 |
TOP OF THE 5TH |
Little Rock Lemmiwinks batting - Pitching for Erie Jaxx : LHP Francisco Rodríguez
|
Batting: RHB Jaime Hernández
|
0-0: Called Strike 0-1: Swinging Strike 0-2: Ball 1-2: SINGLE (Flyball, 8LS)
|
Pitching: RHP Jorge Ríos
|
|
Batting: RHB Nicoli Turina
|
0-0: Ball 1-0: Ball 2-0: Ball 3-0: Base on Balls Jaime Hernández to second
|
Batting: LHB Pablo Alvarado
|
0-0: Ball 1-0: Ball 2-0: Called Strike 2-1: Foul Ball, location: 2F 2-2: Foul Ball, location: 2F 2-2: Ball 3-2: Foul Ball, location: 2F 3-2: Base on Balls Jaime Hernández to third Nicoli Turina to second
|
Batting: RHB Jack Crossey
|
0-0: Foul Ball, location: 2F 0-1: Foul Ball, location: 2F 0-2: Foul Ball, location: 2F 0-2: Ball 1-2: Ball 2-2: Ball 3-2: Foul Ball, location: 2F 3-2: Fly out, F7 (Line Drive, 7S)
|
Batting: RHB Bill Bourland
|
0-0: Called Strike 0-1: Foul Ball, location: 2F 0-2: Strikes out swinging
|
Batting: RHB Juan Trujillo
|
0-0: Ball 1-0: Ground out 1-3 (Groundball, 13)
|
Top of the 5th over - 0 run(s), 1 hit(s), 0 error(s), 3 left on base; Little Rock 2 - Erie 2 |
BOTTOM OF THE 5TH |
Erie Jaxx batting - Pitching for Little Rock Lemmiwinks : RHP José Antonio Peña
|
Batting: SHB Michael Field
|
0-0: Ball 1-0: Fly out, F7 (Flyball, 7LM)
|
Batting: RHB William Wilson
|
0-0: Swinging Strike 0-1: Ball 1-1: Swinging Strike 1-2: Ground out 5-3 (Groundball, 56)
|
Batting: RHB Ángel Serrano
|
0-0: Ball 1-0: Ball 2-0: Foul Ball, location: 2F 2-1: Foul Ball, location: 2F 2-2: Hit by Pitch
|
Batting: RHB Andrés Silva
|
0-0: Called Strike 0-1: Ball 1-1: Foul Ball, location: 2F 1-2: Ball 2-2: Foul Ball, location: 2F 2-2: Strikes out looking
|
Bottom of the 5th over - 0 run(s), 0 hit(s), 0 error(s), 1 left on base; Little Rock 2 - Erie 2 |
TOP OF THE 6TH |
Little Rock Lemmiwinks batting - Pitching for Erie Jaxx : RHP Jorge Ríos
|
Batting: RHB Álex Martínez
|
0-0: Ball 1-0: Called Strike 1-1: Foul Ball, location: 2F 1-2: Foul Ball, location: 2F 1-2: SINGLE (Line Drive, 6D)
|
Batting: LHB Elvin Summers
|
0-0: Ball 1-0: Called Strike 1-1: Ball 2-1: Foul Ball, location: 2F 2-2: Foul Ball, location: 2F 2-2: Foul Ball, location: 2F 2-2: Ball 3-2: Base on Balls Álex Martínez to second
|
Batting: LHB Dave Raines
|
0-0: Called Strike 0-1: Ball 1-1: Foul Ball, location: 2F 1-2: Ball 2-2: Fly out, F9 (Flyball, 9S)
|
Batting: RHB Jaime Hernández
|
0-0: Ball 1-0: Ball 2-0: Ball 3-0: Called Strike 3-1: SINGLE (Line Drive, 4D) Álex Martínez to third Elvin Summers to second
|
Batting: RHB Nicoli Turina
|
0-0: Foul Ball, location: 2F 0-1: Ball 1-1: Foul Ball, location: 2F 1-2: Foul Ball, location: 2F 1-2: Foul Ball, location: 2F 1-2: Foul Ball, location: 2F 1-2: Ball 2-2: Strikes out swinging
|
Pitching: RHP Carlos Olmedo
|
|
Batting: LHB Pablo Alvarado
|
0-0: Called Strike 0-1: Reached on error, E4 (Groundball, 4) Álex Martínez scores Elvin Summers to third Jaime Hernández to second
|
Batting: RHB Jack Crossey
|
0-0: Ball 1-0: Ball 2-0: Foul Ball, location: 2F 2-1: Ball 3-1: Base on Balls Elvin Summers scores Jaime Hernández to third Pablo Alvarado to second
|
Batting: RHB Bill Bourland
|
0-0: Called Strike 0-1: Ground out 4-3 (Groundball, 4MS)
|
Top of the 6th over - 2 run(s), 2 hit(s), 1 error(s), 3 left on base; Little Rock 4 - Erie 2 |
BOTTOM OF THE 6TH |
Erie Jaxx batting - Pitching for Little Rock Lemmiwinks : RHP José Antonio Peña
|
Pitching: RHP Charles Palmeiro
|
|
Batting: RHB Edgardo Castro
|
0-0: Ball 1-0: Foul Ball, location: 2F 1-1: Ball 2-1: Ball 3-1: Fly out, F9 (Flyball, 9)
|
Batting: RHB Alfredo Ramírez
|
0-0: Ball 1-0: Called Strike 1-1: DOUBLE (Line Drive, 7)
|
Batting: RHB Júlio Hernández
|
0-0: Called Strike 0-1: Ball 1-1: Swinging Strike 1-2: Ball 2-2: Strikes out swinging
|
Batting: RHB José Hernández
|
0-0: Ball 1-0: Called Strike 1-1: DOUBLE (Groundball, 5L) Alfredo Ramírez scores
|
Batting: SHB José Durango
|
0-0: Swinging Strike 0-1: Ball 1-1: Foul Ball, location: 2F 1-2: Ball 2-2: Foul Ball, location: 2F 2-2: Ball 3-2: Foul Ball, location: 2F 3-2: Ground out 4-3 (Groundball, 4D)
|
Bottom of the 6th over - 1 run(s), 2 hit(s), 0 error(s), 1 left on base; Little Rock 4 - Erie 3 |
TOP OF THE 7TH |
Little Rock Lemmiwinks batting - Pitching for Erie Jaxx : RHP Carlos Olmedo
|
Batting: RHB Juan Trujillo
|
0-0: Swinging Strike 0-1: Called Strike 0-2: Ball 1-2: Strikes out looking
|
Batting: RHB Álex Martínez
|
0-0: Ball 1-0: Swinging Strike 1-1: Foul Ball, location: 2F 1-2: Strikes out looking
|
Pitching: LHP Jesús Acosta
|
|
Batting: LHB Elvin Summers
|
0-0: Called Strike 0-1: Ball 1-1: Called Strike 1-2: Foul Ball, location: 2F 1-2: Fly out, F8 (Flyball, 8LM)
|
Top of the 7th over - 0 run(s), 0 hit(s), 0 error(s), 0 left on base; Little Rock 4 - Erie 3 |
BOTTOM OF THE 7TH |
Erie Jaxx batting - Pitching for Little Rock Lemmiwinks : RHP Charles Palmeiro
|
Batting: SHB Michael Field
|
0-0: Ball 1-0: Ball 2-0: Foul Ball, location: 2F 2-1: Called Strike 2-2: Ball 3-2: Foul Ball, location: 2F 3-2: Hit by Pitch
|
Batting: RHB William Wilson
|
0-0: Called Strike 0-1: Foul Ball, location: 2F 0-2: Strikes out swinging
|
Batting: RHB Ángel Serrano
|
0-0: Ball 1-0: Called Strike 1-1: Called Strike 1-2: Strikes out swinging
|
Batting: RHB Andrés Silva
|
0-0: Ball 1-0: Ball 2-0: Ball 3-0: Base on Balls Michael Field to second
|
Batting: RHB Edgardo Castro
|
0-0: Hit by Pitch Michael Field to third Andrés Silva to second
|
Batting: RHB Alfredo Ramírez
|
0-0: Called Strike 0-1: Ball 1-1: Swinging Strike 1-2: Ball 2-2: Ball 3-2: Base on Balls Michael Field scores Andrés Silva to third Edgardo Castro to second
|
Pitching: RHP Albert Castro
|
|
Batting: RHB Júlio Hernández
|
0-0: Ball 1-0: Ball 2-0: Called Strike 2-1: Foul Ball, location: 2F 2-2: Foul Ball, location: 2F 2-2: Foul Ball, location: 2F 2-2: DOUBLE (Line Drive, 7LS) Andrés Silva scores Edgardo Castro scores Alfredo Ramírez to third
|
Batting: RHB José Hernández
|
0-0: Swinging Strike 0-1: SINGLE (Groundball, 6D) Alfredo Ramírez scores Júlio Hernández to third Runner from 3rd tries for Home, SAFE, no throw
|
Batting: SHB José Durango
|
0-0: Ball 1-0: Foul Ball, location: 2F 1-1: Ground out 1-3 (Groundball, 13S)
|
Bottom of the 7th over - 5 run(s), 2 hit(s), 0 error(s), 1 left on base; Little Rock 4 - Erie 8 |
TOP OF THE 8TH |
Little Rock Lemmiwinks batting - Pitching for Erie Jaxx : LHP Jesús Acosta
|
Pitching: RHP Scott King
|
|
Batting: LHB Dave Raines
|
0-0: Called Strike 0-1: SINGLE (Flyball, 7S)
|
Batting: RHB Jaime Hernández
|
0-0: Called Strike 0-1: Ball 1-1: Foul Ball, location: 2F 1-2: Strikes out swinging
|
Batting: RHB Nicoli Turina
|
0-0: SINGLE (Line Drive, 7S) Dave Raines to second
|
Pitching: LHP Todd Anderson
|
|
Batting: LHB Pablo Alvarado
|
0-0: Foul Ball, location: 2F 0-1: Called Strike 0-2: Strikes out looking
|
Pitching: RHP Ernest Elliott
|
|
Batting: RHB Jack Crossey
|
0-0: Ball 1-0: Swinging Strike 1-1: Ball 2-1: Ball 3-1: Base on Balls Dave Raines to third Nicoli Turina to second
|
Batting: RHB Bill Bourland
|
0-0: Ball 1-0: Called Strike 1-1: Fly out, F6 (Line Drive, 6M)
|
Top of the 8th over - 0 run(s), 2 hit(s), 0 error(s), 3 left on base; Little Rock 4 - Erie 8 |
BOTTOM OF THE 8TH |
Erie Jaxx batting - Pitching for Little Rock Lemmiwinks : RHP Albert Castro
|
Batting: SHB Michael Field
|
0-0: Ground out 4-3 (Groundball, 34D)
|
Batting: RHB William Wilson
|
0-0: Swinging Strike 0-1: Ball 1-1: Swinging Strike 1-2: Ball 2-2: Ball 3-2: Base on Balls
|
Batting: RHB Ángel Serrano
|
0-0: Ball 1-0: Called Strike 1-1: Ball 2-1: Fly out, F9 (Flyball, 9LMF)
|
Batting: RHB Andrés Silva
|
0-0: Ball 1-0: Called Strike 1-1: Foul Ball, location: 2F 1-2: Ball 2-2: Strikes out swinging
|
Bottom of the 8th over - 0 run(s), 0 hit(s), 0 error(s), 1 left on base; Little Rock 4 - Erie 8 |
TOP OF THE 9TH |
Little Rock Lemmiwinks batting - Pitching for Erie Jaxx : RHP Ernest Elliott
|
Pitching: LHP Rafael Romero
|
|
Batting: RHB Juan Trujillo
|
0-0: Ball 1-0: Ball 2-0: Ground out 1-3 (Groundball, 13)
|
Batting: RHB Álex Martínez
|
0-0: SINGLE (Groundball, 6MD)
|
Batting: LHB Elvin Summers
|
0-0: Called Strike 0-1: Fly out, F4 (Popup, 4D)
|
Batting: LHB Dave Raines
|
0-0: Ball 1-0: Ball 2-0: Ground out 4-3 (Groundball, 34)
|
Top of the 9th over - 0 run(s), 1 hit(s), 0 error(s), 1 left on base; Little Rock 4 - Erie 8 |
|